 Dungeon Crawl Stone Soup version 0.31-a0-744-gbc345e7fcb (webtiles) character file.

Game seed: 9096995346001865976

12 Nimraaz the Trooper (level 2, 24/24 HPs)
             Began as a Human Chaos Knight on Sept 13, 2023.
             Was a Plaything of Xom.
             Quit the game on level 2 of the Dungeon.
             The game lasted 00:03:10 (270 turns).

Nimraaz the Trooper (Human Chaos Knight)             Turns: 270, Time: 00:03:10

Health: 24/24      AC:  5    Str: 12    XL:     2   Next: 45%
Magic:  2/2        EV: 11    Int: 12    God:    Xom [..*...]
Gold:   26         SH:  0    Dex: 12    Spells: 1/1 levels left

rFire   . . .        a - +0 hand axe (chaos)
rCold   . . .        (no shield)
rNeg    . . .        b - +2 leather armour
rPois   .            (no helmet)
rElec   .            (no cloak)
rCorr   .            (no gloves)
SInv    .            (no boots)
Will    .....        (no amulet)
Stlth   +            (no ring)
HPRegen 0.24/turn    (no ring)
MPRegen 0.08/turn

%: no passive effects
@: no status effects
A: no striking features
a: Renounce Religion


You were on level 2 of the Dungeon.
You worshipped Xom.
You were a toy of Xom.
You visited 1 branch of the dungeon, and saw 2 of its levels.

You collected 26 gold pieces.

Inventory:

Hand Weapons
 a - a +0 hand axe of chaos (weapon)
Armour
 b - a +2 leather armour (worn)
Scrolls
 c - a scroll of butterflies
 d - a scroll of amnesia {unknown}
Potions
 e - a potion of mutation {unknown}


   Skills:
 + Level 3.3 Fighting
 + Level 3.2 Axes
 + Level 2.1 Armour
 + Level 1.0 Dodging


You had one spell level left.
You didn't know any spells.
Your spell library was empty.

Dungeon Overview and Level Annotations

Branches:
Dungeon (2/15)

Altars:

Annotations:
D:1 1 transporter


Message History

You open the door.
Found a stone staircase leading down.
There is an open door here.
Found a ring mail.
There are no items here.
There is a stone staircase leading down here.
Found a robe.
e - a green potion A hobgoblin comes into view.
The hobgoblin shouts!
You hit the hobgoblin.
The hobgoblin is heavily wounded.
The hobgoblin hits you but does no damage.
The hobgoblin barely misses you.
You closely miss the hobgoblin.
The hobgoblin is moderately wounded.
The hobgoblin hits you but does no damage.
You hit the hobgoblin but do no damage.
The hobgoblin is moderately wounded.
The hobgoblin blinks!
A hobgoblin is nearby!
You hit the hobgoblin.
The hobgoblin is severely wounded.
The hobgoblin hits you but does no damage.
You closely miss the hobgoblin.
The hobgoblin is severely wounded.
The hobgoblin hits you but does no damage.
You closely miss the hobgoblin.
The hobgoblin is severely wounded.
The hobgoblin barely misses you.
You barely miss the hobgoblin.
The hobgoblin is heavily wounded.
The hobgoblin hits you but does no damage.
You hit the hobgoblin.
The hobgoblin is poisoned.
The hobgoblin is almost dead.
You kill the hobgoblin!
No target in view!
You see here a hobgoblin corpse.
A worm comes into view.
Are you sure you want to abandon this character and quit the game? (Confirm with "yes".)

#..#.. #.#.....#.##.#####
#####...####.#######.##.....#
.....[...................>#.#
....###.#################.#.#
. #.### #.#.# #..†### #...#
###...# ######'### ###.###
####......... #.@.#
#............ ###.#
#[........... .#
#............ .#
#............ ## .#
#............ ..w#
#...#####+### #.. #...#####.#
#.##..##.........#
#...........###..###


You could see a worm.

Vanquished Creatures
  An adder (D:2)
  A bat (D:2)
  A hobgoblin (D:2)
  A goblin (D:2)
4 creatures vanquished.

Notes
Turn   | Place    | Note
-------+----------+-------------------------------------------
     0 | D:1      | Nimraaz the Human Chaos Knight began the quest for the Orb.
     0 | D:1      | Reached XP level 1. HP: 18/18 MP: 1/1
   152 | D:2      | Reached XP level 2. HP: 24/24 MP: 2/2
   270 | D:2      | Quit the game

Illustrated notes

Levels and vault maps discovered:
D:1:      spicycebolla_arrival_transporter_tutorial, layout_loops_ring,
          minmay_close_crescents
D:2:      layout_basic

Action                     || total
---------------------------++-------
  Melee: Hand axe          ||    15
 Armour: Leather armour    ||     7
  Dodge: Dodged            ||     9

Table legend: (Time is in decaauts)
 A = Elapsed time spent in this place.
 B = Non-inter-level travel time spent in this place.
 C = Inter-level travel time spent in this place.
 D = Time resting spent in this place.
 E = Time spent auto-exploring this place.
 F = Levels seen in this place.
 G = Mean time per level.
                   A        B        C        D        E       F      G
               +--------+--------+--------+--------+--------+-----+--------+
         Total |    273 |    273 |      0 |    100 |    114 |   2 |  136.5 |
       Dungeon |    273 |    273 |      0 |    100 |    114 |   2 |  136.5 |
               +--------+--------+--------+--------+--------+-----+--------+

Top non-repeatable levels by time:
     D:2: 147 daAuts
     D:1: 125 daAuts
